 Dungeon Crawl Stone Soup version 0.20-a0-502-g555d78b (webtiles) character file.

51 M4edhros the Sneak (level 3, -3/23 HPs)
             Began as an Octopode Artificer on Jan 20, 2017.
             Slain by a worker ant (7 damage)
             ... on level 4 of the Dungeon.
             The game lasted 00:00:46 (1109 turns).

M4edhros the Sneak (Octopode Artificer)             Turns: 1109, Time: 00:00:46

Health: -3/23      AC:  1    Str: 11    XL:     3   Next: 83%
Magic:  5/5        EV: 13    Int: 13    God:
Gold:   36         SH:  0    Dex: 13    Spells: 2/2 levels left

rFire    . . .     SeeInvis .   o - +0 rapier
rCold    . . .     Gourm    .   (no shield)
rNeg     . . .     Faith    .   (helmet restricted)
rPois    .         Spirit   .   (no amulet)
rElec    .         Reflect  .   (no ring)
rCorr    .         Harm     .   (no ring)
MR       .....                  (no ring)
Stlth    ++++......             (no ring)
Regen    0.1/turn               (no ring)
                                (no ring)
                                (no ring)
                                (no ring)

@: no status effects
A: almost no armour, stealthy swim, amphibious, 8 rings, constrict 8, camouflage
1, gelatinous body 1
a: no special abilities


You were on level 4 of the Dungeon.
You were hungry.

You visited 1 branch of the dungeon, and saw 4 of its levels.

You collected 36 gold pieces.

Inventory:

Hand Weapons
 a - a +0 short sword
 o - a +0 rapier (weapon)
Missiles
 h - 25 sling bullets
 m - 42 stones (quivered)
Jewellery
 n - an uncursed ring of protection from magic {unknown}
Wands
 b - a wand of flame (15/48)
 c - a wand of enslavement (15/24)
 d - a wand of random effects (15/48)
 l - a wand of flame (23/48)
Scrolls
 e - 2 scrolls of teleportation {unknown}
 g - a scroll of fear {unknown}
 i - 3 scrolls of identify {unknown}
 k - 2 scrolls of remove curse {unknown}
 p - a scroll of random uselessness {unknown}
Potions
 j - a potion of magic {unknown}
Comestibles
 f - 3 bread rations


   Skills:
 - Level 1.0 Fighting
 - Level 1.0 Short Blades
 - Level 2.0 Dodging
 + Level 5.1 Stealth
 - Level 3.2 Evocations


You had 2 spell levels left.
You didn't know any spells.

Dungeon Overview and Level Annotations

Branches:
Dungeon (4/15)
 Temple: D:4-7

Altars:


Innate Abilities, Weirdness & Mutations

You cannot wear most types of armour.
You are very stealthy in the water. (Stealth+)
You are amphibious.
You can wear up to eight rings at the same time.
You can use your tentacles to constrict eight enemies at once.
Your skin changes colour to match your surroundings (Stealth+).
Your rubbery body absorbs attacks. (AC +1, EV +1)


Message History

The worker ant barely misses you. The worker ant bites you.
You hit the worker ant. Your grab misses the worker ant.
The worker ant is lightly wounded.
The worker ant misses you.
A worker ant is nearby!
You barely miss the worker ant. Your grab misses the worker ant.
The worker ant is lightly wounded.
The worker ant bites you.
You are too injured to fight recklessly!
You hit the worker ant. Your grab misses the worker ant.
You squeeze the worker ant, but do no damage.
The worker ant is heavily wounded.
The worker ant barely misses you. The worker ant bites you!
* * * LOW HITPOINT WARNING * * *
You are too injured to fight recklessly!
You hit the worker ant. You grab the worker ant.
The worker ant is severely wounded.
You constrict the worker ant, but do no damage.
The worker ant bites you!
You die...

#.#... ####.#..#####
............ .
............. .
...............> #..
#.#..##.........#
#....###.#..##.###......
#.....a@............#...
.....###.#..##.##...#...
#.# #.#..............
#.#..##.##..)#...
#.#..#.......#...
.................
#.#..............
#................
.....#.##........


You could see a worker ant.

Vanquished Creatures
  2 adders
  A worm (D:2)
  2 dart slugs
  A leopard gecko (D:1)
  5 orcs
  3 hobgoblins
  2 jackals (D:2)
  3 kobolds
  3 rats
22 creatures vanquished.

Notes
Turn   | Place    | Note
-------+----------+-------------------------------------------
     0 | D:1      | M4edhros the Octopode Artificer began the quest for the Orb.
     0 | D:1      | Reached XP level 1. HP: 13/13 MP: 3/3
    50 | D:1      | Reached skill level 2 in Stealth
   167 | D:2      | Reached skill level 3 in Stealth
   167 | D:2      | Reached XP level 2. HP: 9/18 MP: 4/4
   726 | D:2      | Reached skill level 4 in Stealth
   726 | D:2      | Reached XP level 3. HP: 23/23 MP: 5/5
  1053 | D:4      | Reached skill level 5 in Stealth
  1109 | D:4      | Slain by a worker ant

Vault maps used:
D:1:      saegor_arrival_simple_d
D:2:      first_bread
D:3:      cheibriados_altar_1, chequers_ecumenical_altar_twisty
D:4:      hangedman_decor_growths, uniq_natasha, uniq_menkaure

Skill      XL: |  1  2  3 |
---------------+----------+-----
Stealth        | 3 4 5 |  5.1
Fighting       | |  1.0
Short Blades   | |  1.0
Dodging        | |  2.0
Evocations     | |  3.2

Action                   || total
-------------------------++-------
Melee: Short sword       ||    44
       Tentacles         ||    13
       Constrict         ||    16
       Rapier            ||     8
 Stab: Sleeping          ||     3
Armor: Skin              ||     2
Dodge: Dodged            ||    32
